BSA
MADISON BOMBERS @ POCATELLO BOCCABELLAS
03/06/2026
 
TOP OF THE 1ST
Madison Bombers batting - Pitching for Pocatello Boccabellas : LHP Martin Lowry
Pitching: LHP Martin Lowry
Batting: LHB Robin Hill 0-0: Ball
1-0: Called Strike
1-1: Called Strike
1-2: Ball
2-2: Ball
3-2: Ground out 4-3 (Groundball, 4)
Batting: RHB Vicente Aguirre 0-0: Swinging Strike
0-1: Ball
1-1: Foul Ball, location: 2F
1-2: Ball
2-2: Ball
3-2: Foul Ball, location: 2F
3-2: Ground out 2-3 (Groundball, 2L)
Batting: RHB Sergio Márquez 0-0: Ground out 6-3 (Groundball, 6)
Top of the 1st over - 0 run(s), 0 hit(s), 0 error(s), 0 left on base; Madison 0 - Pocatello 0
BOTTOM OF THE 1ST
Pocatello Boccabellas batting - Pitching for Madison Bombers : RHP José Lara
Pitching: RHP José Lara
Batting: RHB José Delgado 0-0: Ball
1-0: Foul Ball, location: 2F
1-1: Foul Ball, location: 2F
1-2: SINGLE (Line Drive, 78M)
Batting: LHB Norberto Muńóz 0-0: Ball
1-0: Called Strike
1-1: Ball
2-1: Foul Ball, location: 2F
2-2: Foul Ball, location: 2F
2-2: Fly out, F7 (Line Drive, 7M)
Batting: RHB Ernesto Acosta 0-0: Ball
1-0: Called Strike
1-1: Called Strike
1-2: Foul Ball, location: 2F
1-2: Grounds into double play, U6-3 (Groundball, 6M)
Bottom of the 1st over - 0 run(s), 1 hit(s), 0 error(s), 0 left on base; Madison 0 - Pocatello 0
TOP OF THE 2ND
Madison Bombers batting - Pitching for Pocatello Boccabellas : LHP Martin Lowry
Batting: LHB Sixto Cantú 0-0: Called Strike
0-1: Swinging Strike
0-2: Ball
1-2: Ground out U3 (Groundball, 3)
Batting: LHB Avery Hopkins 0-0: Called Strike
0-1: Ball
1-1: Ball
2-1: Ball
3-1: Fly out, F9 (Flyball, 9M)
Batting: RHB Bailey Ramsey 0-0: Called Strike
0-1: Ball
1-1: Ground out U3 (Groundball, 3S)
Top of the 2nd over - 0 run(s), 0 hit(s), 0 error(s), 0 left on base; Madison 0 - Pocatello 0
BOTTOM OF THE 2ND
Pocatello Boccabellas batting - Pitching for Madison Bombers : RHP José Lara
Batting: LHB Juan Cortés 0-0: Ball
1-0: Foul Ball, location: 2F
1-1: Foul Ball, location: 2F
1-2: Foul Ball, location: 2F
1-2: Ball
2-2: Ball
3-2: Base on Balls
Batting: RHB Francisco Sandoval 0-0: Called Strike
0-1: Ball
1-1: Foul Ball, location: 2F
1-2: Fielders Choice at 2nd, 4-6 (Groundball, 34)
Batting: RHB Pedro Guzmán 0-0: Fly out, F8 (Flyball, 8RXD)
Batting: RHB Sugita Ito 0-0: Ball
1-0: Foul Ball, location: 2F
1-1: Called Strike
1-2: 2-RUN HOME RUN (Flyball, 8LXD), Distance : 431 ft
Batting: SHB Guillermo Ortíz 0-0: Called Strike
0-1: Ball
1-1: DOUBLE (Line Drive, 89D)
Batting: RHB Jeremy Carr 0-0: Ball
1-0: SINGLE (Line Drive, 6MD)
Guillermo Ortíz to third
Runner from 3rd tries for Home, SAFE, throw made home
Jeremy Carr to second
Batting: RHB José Delgado 0-0: Ball
1-0: Ball
2-0: Ball
3-0: Base on Balls
Batting: LHB Norberto Muńóz 0-0: SINGLE (Groundball, 56D)
Jeremy Carr to third
José Delgado to second
Runner from 3rd tries for Home, SAFE, no throw or cutoff
Batting: RHB Ernesto Acosta 0-0: Ball
1-0: Ball
2-0: Called Strike
2-1: Ball
3-1: Fly out, F8 (Flyball, 8RM)
Bottom of the 2nd over - 4 run(s), 4 hit(s), 0 error(s), 2 left on base; Madison 0 - Pocatello 4
TOP OF THE 3RD
Madison Bombers batting - Pitching for Pocatello Boccabellas : LHP Martin Lowry
Batting: SHB Jorge Flores 0-0: Called Strike
0-1: Ball
1-1: Fly out, F9 (Flyball, 9D)
Batting: RHB Pablo Gonzáles 0-0: Ball
1-0: Foul Ball, location: 2F
1-1: Ground out U3 (Groundball, 3S)
Batting: RHB Quinton Martínez 0-0: Ball
1-0: Ball
2-0: Swinging Strike
2-1: Ground out 6-3 (Groundball, 6M)
Top of the 3rd over - 0 run(s), 0 hit(s), 0 error(s), 0 left on base; Madison 0 - Pocatello 4
BOTTOM OF THE 3RD
Pocatello Boccabellas batting - Pitching for Madison Bombers : RHP José Lara
Batting: LHB Juan Cortés 0-0: Ball
1-0: Ball
2-0: Called Strike
Reached via error on a dropped throw, E1
Batting: RHB Francisco Sandoval 0-0: Ball
1-0: Called Strike
1-1: Ball
2-1: DOUBLE (Line Drive, 78D)
Juan Cortés to third
Batting: RHB Pedro Guzmán 0-0: Ground out 4-3 (Groundball, 4M)
Juan Cortés scores
Francisco Sandoval to third
Batting: RHB Sugita Ito 0-0: Called Strike
0-1: Foul Ball, location: 2F
0-2: Foul Ball, location: 2F
0-2: Ball
1-2: Ball
2-2: Ball
3-2: Foul Ball, location: 2F
3-2: Ground out 6-3 (Groundball, 6)
Francisco Sandoval scores
Batting: SHB Guillermo Ortíz 0-0: Ball
1-0: Foul Ball, location: 2F
1-1: Ground out 3-1 (Groundball, 34)
Bottom of the 3rd over - 2 run(s), 1 hit(s), 1 error(s), 0 left on base; Madison 0 - Pocatello 6
TOP OF THE 4TH
Madison Bombers batting - Pitching for Pocatello Boccabellas : LHP Martin Lowry
Batting: LHB Robin Hill 0-0: Swinging Strike
0-1: Called Strike
0-2: Ball
1-2: Ball
2-2: Ball
3-2: Strikes out looking
Batting: RHB Vicente Aguirre 0-0: Ball
1-0: Ball
2-0: Called Strike
2-1: Swinging Strike
2-2: Strikes out looking
Batting: RHB Sergio Márquez 0-0: Called Strike
0-1: Ground out 6-3 (Groundball, 4M)
Top of the 4th over - 0 run(s), 0 hit(s), 0 error(s), 0 left on base; Madison 0 - Pocatello 6
BOTTOM OF THE 4TH
Pocatello Boccabellas batting - Pitching for Madison Bombers : RHP José Lara
Batting: RHB Jeremy Carr 0-0: Called Strike
0-1: Ball
1-1: Ground out 5-3 (Groundball, 5)
Batting: RHB José Delgado 0-0: Ground out 4-3 (Groundball, 4M)
Batting: LHB Norberto Muńóz 0-0: Called Strike
0-1: Ball
1-1: Foul Ball, location: 2F
1-2: Ball
2-2: Strikes out swinging
Bottom of the 4th over - 0 run(s), 0 hit(s), 0 error(s), 0 left on base; Madison 0 - Pocatello 6
TOP OF THE 5TH
Madison Bombers batting - Pitching for Pocatello Boccabellas : LHP Martin Lowry
Pitching: RHP Jesse Moser
Batting: LHB Sixto Cantú 0-0: Swinging Strike
0-1: Ball
1-1: Foul Ball, location: 2F
1-2: Foul Ball, location: 2F
1-2: Strikes out swinging
Batting: LHB Avery Hopkins 0-0: Fly out, F7 (Flyball, 78M)
Batting: RHB Bailey Ramsey 0-0: Called Strike
0-1: Ball
1-1: Ball
2-1: Called Strike
2-2: Ground out 5-3 (Groundball, 56S)
Top of the 5th over - 0 run(s), 0 hit(s), 0 error(s), 0 left on base; Madison 0 - Pocatello 6
BOTTOM OF THE 5TH
Pocatello Boccabellas batting - Pitching for Madison Bombers : RHP José Lara
Batting: RHB Ernesto Acosta 0-0: Fly out, F7 (Popup, 78S)
Batting: LHB Juan Cortés 0-0: Ball
1-0: Ball
2-0: Called Strike
2-1: Swinging Strike
2-2: Ball
3-2: Foul Ball, location: 2F
3-2: Base on Balls
Batting: RHB Francisco Sandoval 0-0: Foul Ball, location: 2F
0-1: Fielders Choice at 2nd, 6-4 (Groundball, 6M)
Batting: RHB Pedro Guzmán 0-0: Ball
1-0: Called Strike
1-1: Swinging Strike
1-2: Ball
2-2: Foul Ball, location: 2F
2-2: SINGLE (Line Drive, 9S)
Francisco Sandoval to second
Runner from 2nd tries for 3rd, SAFE, throw made to third
Batting: RHB Sugita Ito 0-0: SINGLE (Line Drive, 3)
Francisco Sandoval scores
Pedro Guzmán to second
Batting: SHB Guillermo Ortíz 0-0: Ball
1-0: Ball
2-0: Ball
3-0: Base on Balls
Pedro Guzmán to third
Sugita Ito to second
Batting: RHB Jeremy Carr 0-0: Foul Ball, location: 2F
0-1: Ball
1-1: Foul Ball, location: 2F
1-2: Strikes out swinging
Bottom of the 5th over - 1 run(s), 2 hit(s), 0 error(s), 3 left on base; Madison 0 - Pocatello 7
TOP OF THE 6TH
Madison Bombers batting - Pitching for Pocatello Boccabellas : RHP Jesse Moser
Batting: SHB Jorge Flores 0-0: Ball
1-0: Fly out, F5 (Popup, 5F)
Batting: RHB Pablo Gonzáles 0-0: SINGLE (Line Drive, 9S)
Batting: RHB Quinton Martínez 0-0: Ball
Pablo Gonzáles steals 2nd base
1-0: SINGLE (Groundball, 56D)
Pablo Gonzáles to third
Runner from 3rd tries for Home, SAFE, throw made home
Quinton Martínez to second
Batting: LHB Robin Hill 0-0: Fly out, F8 (Flyball, 8RXD)
Runner from 2nd tags up, SAFE at 3rd, no throw
Batting: RHB Vicente Aguirre 0-0: Ball
1-0: Ground out 4-3 (Groundball, 4)
Top of the 6th over - 1 run(s), 2 hit(s), 0 error(s), 1 left on base; Madison 1 - Pocatello 7
BOTTOM OF THE 6TH
Pocatello Boccabellas batting - Pitching for Madison Bombers : RHP José Lara
Pinch Hitting: SHB Glenn Vadnais 0-0: Swinging Strike
0-1: Called Strike
0-2: Strikes out swinging passed ball, reaches first!
Batting: LHB Norberto Muńóz 0-0: DOUBLE (Line Drive, 78M)
Glenn Vadnais to third
Batting: LHB Jim Jensen 0-0: Ball
1-0: Ground out 6-3 (Groundball, 6M)
Glenn Vadnais scores
Norberto Muńóz to third
Pinch Hitting: RHB Keith Kirkpatrick 0-0: Fly out, F9 (Flyball, 9M)
Runner from 3rd tags up, SCORES, throw made
Pinch Hitting: LHB David Monahan 0-0: Called Strike
0-1: Foul Ball, location: 2F
0-2: Foul Ball, location: 2F
0-2: Strikes out looking
Bottom of the 6th over - 2 run(s), 1 hit(s), 0 error(s), 0 left on base; Madison 1 - Pocatello 9
TOP OF THE 7TH
Madison Bombers batting - Pitching for Pocatello Boccabellas : RHP Jesse Moser
Pitching: RHP Esteban Corona
Now at 2B: Jesús Ramírez
Now at 3B: Dani Rodríguez
Now in RF: Keith Kirkpatrick
Batting: RHB Sergio Márquez 0-0: Ball
1-0: DOUBLE (Line Drive, 8RD)
Batting: LHB Sixto Cantú 0-0: Foul Ball, location: 2F
0-1: Fly out, F8 (Popup, 8LS)
Batting: LHB Avery Hopkins 0-0: Ball
1-0: Ball
2-0: Called Strike
2-1: SINGLE (Line Drive, 3L)
Sergio Márquez to third
Batting: RHB Bailey Ramsey 0-0: Ball
1-0: Called Strike
1-1: Fly out, F8 (Flyball, 8LM)
Batting: SHB Jorge Flores 0-0: Called Strike
0-1: Ball
1-1: Ball
2-1: Ground out 1-3 (Groundball, 25)
Top of the 7th over - 0 run(s), 2 hit(s), 0 error(s), 2 left on base; Madison 1 - Pocatello 9
BOTTOM OF THE 7TH
Pocatello Boccabellas batting - Pitching for Madison Bombers : RHP José Lara
Pinch Hitting: RHB Tomás Carranza 0-0: Ground out 5-3 (Groundball, 56)
Pinch Hitting: LHB Juan Viera 0-0: Called Strike
0-1: Ball
1-1: Ball
2-1: Called Strike
2-2: Ball
3-2: Base on Balls
Batting: SHB Guillermo Ortíz 0-0: Ball
1-0: Called Strike
1-1: Swinging Strike
1-2: Strikes out swinging
Batting: RHB Jeremy Carr 0-0: Called Strike
0-1: SINGLE (Groundball, 56)
Juan Viera to second
Batting: LHB Jesús Ramírez 0-0: Called Strike
0-1: Fly out, F5 (Popup, 6)
Bottom of the 7th over - 0 run(s), 1 hit(s), 0 error(s), 2 left on base; Madison 1 - Pocatello 9
TOP OF THE 8TH
Madison Bombers batting - Pitching for Pocatello Boccabellas : RHP Esteban Corona
Now at 1B: Ramiro Ross
Now at SS: Chris Parker
Batting: RHB Pablo Gonzáles 0-0: Fly out, F9 (Flyball, 9D)
Batting: RHB Quinton Martínez 0-0: Called Strike
0-1: SOLO HOME RUN (Flyball, 78XD), Distance : 437 ft
Pinch Hitting: SHB Bob Warren 0-0: Ball
1-0: Ball
2-0: Ball
3-0: Base on Balls
Batting: RHB Vicente Aguirre 0-0: Called Strike
0-1: Fly out, F2 (Popup, 2LF)
Batting: RHB Sergio Márquez 0-0: Ball
1-0: Called Strike
1-1: Ball
Wild Pitch!
Bob Warren to second
2-1: Foul Ball, location: 2F
2-2: Ground out 6-3 (Groundball, 6)
Top of the 8th over - 1 run(s), 1 hit(s), 0 error(s), 1 left on base; Madison 2 - Pocatello 9
BOTTOM OF THE 8TH
Pocatello Boccabellas batting - Pitching for Madison Bombers : RHP José Lara
Now in CF: Bob Warren
Batting: LHB Norberto Muńóz 0-0: SINGLE (Groundball, 34D)
Batting: LHB Jim Jensen 0-0: Swinging Strike
0-1: SINGLE (Groundball, 4MD)
Norberto Muńóz to second
Batting: RHB Keith Kirkpatrick 0-0: Grounds into double play, 3-6-3 (Groundball, 3)
Norberto Muńóz to third
Batting: RHB Dani Rodríguez 0-0: Swinging Strike
0-1: Fly out, F7 (Line Drive, 7M)
Bottom of the 8th over - 0 run(s), 2 hit(s), 0 error(s), 1 left on base; Madison 2 - Pocatello 9
TOP OF THE 9TH
Madison Bombers batting - Pitching for Pocatello Boccabellas : RHP Esteban Corona
Pinch Hitting: LHB John Latham 0-0: Called Strike
0-1: Ball
1-1: Ground out U3 (Groundball, 3)
Batting: LHB Avery Hopkins 0-0: Ball
1-0: Ball
2-0: Ball
3-0: Base on Balls
Batting: RHB Greg King 0-0: Ball
1-0: Called Strike
1-1: Fly out, F8 (Flyball, 8LXD)
Batting: SHB Jorge Flores 0-0: Ball
1-0: Called Strike
1-1: Fly out, F8 (Flyball, 8RXD)
Top of the 9th over - 0 run(s), 0 hit(s), 0 error(s), 1 left on base; Madison 2 - Pocatello 9
Monday, December 5th, 2016 - OOTP Baseball 17.12 Build 75